Map: 코스믹 사파이어

Players

trigger

  • Race: Protoss Protoss
  • Spawn Location: 5:00

Bunny - Winner!

  • Race: Terran Terran
  • Spawn Location: 11:00

Event: DreamHack SC2 Masters 2022 Atlanta (Offline)

VOD

Have the link to the VOD?

Description

Time

  • Played on: Nov. 19, 2022, 9:23 a.m.
  • Length: 4:16

All games in this series

Show
View Real Time Build Order
Export as new Build Order

trigger Protoss 

Build Orders: 1 Gate Expand 

Get SALT Encoding   

  12  0:00  Probe  
  13  0:12  Probe  
  14  0:18  Pylon  
  14  0:24  Probe (Chrono Boost)  
  15  0:37  Gateway, Probe (Chrono Boost)  
  16  0:44  Probe (Chrono Boost)  
  16  0:46  Assimilator  
  17  0:52  Probe  
  18  1:04  Probe  
  19  1:16  Probe  
  20  1:23  Cybernetics Core  
  20  1:31  Nexus  
  20  1:34  Probe  
  21  1:41  Pylon  
  21  1:48  Assimilator  
  21  1:49  Probe  
  22  1:57  Stalker (Chrono Boost)  
  24  2:02  Probe  
  24  2:05  Warp Gate  
  25  2:14  Probe  
  26  2:21  Gateway  
  26  2:23  Stalker (Chrono Boost)  
  26  2:29  Probe  
  29  2:34  Shield Battery  
  29  2:41  Probe  
  30  2:48  Stalker (Chrono Boost)  
  32  2:53  Shield Battery  
  32  2:56  Probe  
  30  3:10  Stalker (Chrono Boost)  
  30  3:14  Stalker (Chrono Boost), Probe  
  31  3:21  Probe  
  32  3:28  Probe  
  32  3:33  Twilight Council  
  31  3:42  Probe x2  
  31  3:52  Stalker x2  
Show
View Real Time Build Order
Export as new Build Order

Bunny Terran - Winner!

Build Orders:  

Get SALT Encoding   

  12  0:00  SCV  
  13  0:12  SCV  
  14  0:17  Supply Depot  
  14  0:24  SCV  
  15  0:39  SCV, Barracks  
  16  0:45  Refinery  
  16  0:51  SCV  
  16  0:56  Refinery  
  17  1:03  SCV  
  18  1:15  SCV  
  19  1:26  Barracks Tech Lab  
  19  1:27  Orbital Command  
  19  1:38  Factory  
  19  1:45  Marauder  
  21  1:50  Supply Depot  
  21  1:54  Concussive Shells  
  22  2:07  Marauder  
  23  2:12  SCV  
  24  2:21  Hellion  
  26  2:24  SCV  
  26  2:27  Supply Depot  
  26  2:28  Marauder  
  29  2:36  SCV  
  30  2:44  Bunker  
  30  2:49  Marauder, Hellion  
  34  2:57  SCV  
  32  3:10  Hellion  
  32  3:12  Marauder  
  36  3:21  Command Center  
  36  3:25  SCV  
  37  3:28  Supply Depot  
  37  3:33  Marauder, Factory Tech Lab  
  39  3:54  Marauder  
  44  4:01  SCV  
Tags
 
Add a new tag
Caveats
  • Supply blocks, unpowered buildings, or Contaminate may cause inaccurate times.
  • Supply counts are checked every 10 seconds.